 Dungeon Crawl Stone Soup version 0.28-a0-1334-g1c9ffb4daf (webtiles) character file.

Game seed: 9411419664238244249

1425 HessuHobo the Insei (level 8, -5/67 (70) HPs)
             Began as a Green Draconian Transmuter on Dec 28, 2021.
             Shot with a sling bullet by Joseph (19 damage)
             ... on level 7 of the Dungeon.
             The game lasted 00:11:24 (9075 turns).

HessuHobo the Insei (Green Draconian Transmuter)    Turns: 9075, Time: 00:11:25

HP:   -5/67 (70)    AC:  6    Str: 12    XL:     8   Next: 44%
MP:   9/11          EV: 27    Int: 15    God:
Gold: 308           SH:  0    Dex: 18    Spells: 7/11 levels left

rFire   . . .      SeeInvis .     - Unarmed
rCold   . . .      Faith    .   (shield currently unavailable)
rNeg    . . .      Spirit   .   (armour unavailable)
rPois   x          Reflect  .   (helmet currently unavailable)
rElec   .          Harm     .   (cloak currently unavailable)
rCorr   .          Rampage  .   (gloves currently unavailable)
Will    .....                   (boots currently unavailable)
Stlth   ++........              (no amulet)
HPRegen 0.21/turn               g - +4 ring of evasion
MPRegen 0.12/turn               u - +4 ring of protection

@: spider-form (expiring), lightly drained
A: venomous fangs, (breathe noxious fumes), AC +6, tiny, unfitting armour,
(poison resistance), (cold-blooded)
a: End Transformation


You were on level 7 of the Dungeon.
You were a venomous arachnid creature.
You visited 2 branches of the dungeon, and saw 8 of its levels.
You also visited: Sewer.

You collected 308 gold pieces.

Inventory:

Missiles
 e - 3 curare-tipped darts
 j - 28 poisoned darts
Armour
 a - a +0 pair of gloves (melded)
Jewellery
 g - a +4 ring of evasion (left front leg)
 k - a ring of poison resistance
 u - a +4 ring of protection (right front leg)
 w - an amulet of the acrobat
Scrolls
 b - a scroll of vulnerability {unknown}
 c - a scroll of enchant armour {unknown}
 l - 2 scrolls of teleportation
 m - a scroll of blinking {unknown}
 q - 2 scrolls of summoning {unknown}
 r - a scroll of enchant weapon {unknown}
 s - 4 scrolls of identify
 t - a scroll of fear {unknown}
Potions
 d - a potion of haste {unknown}
 f - a potion of ambrosia {unknown}
 h - a potion of cancellation {unknown}
 i - a potion of mutation {unknown}
 n - 2 potions of flight
 o - 2 potions of heal wounds
 p - 3 potions of curing
 v - a potion of brilliance {unknown}


   Skills:
 + Level 6.2 Fighting
 + Level 5.3 Dodging
 + Level 6.3 Unarmed Combat
 - Level 2.0 Spellcasting
 - Level 4.0 Transmutations
 - Level 1.2 Poison Magic


You had 7 spell levels left.
You knew the following spells:

 Your Spells              Type           Power      Damage    Failure   Level
a - Beastly Appendage     Tmut           26%        N/A       13%         1
b - Spider Form           Tmut/Pois      9%         N/A       43%         3

Your spell library contained the following spells:

 Spells                   Type           Power      Damage    Failure   Level
 Wereblood                Tmut           13%        N/A       17%         2
 Gell's Gravitas          Tloc           1%         N/A       75%         3
 Lesser Beckoning         Tloc           1%         N/A       75%         3
 Teleport Other           Tloc           1%         N/A       75%         3
 Ice Form                 Ice/Tmut       7%         N/A       85%         4
 Summon Lightning Spire   Summ/Air       1%         N/A       98%         4
 Dispersal                Tloc           0%         N/A       100%        6
 Storm Form               Tmut/Air       3%         N/A       100%        7
 Maxwell's Capacitive Co  Air            0%         ∞         100%        8


Dungeon Overview and Level Annotations

Branches:
Dungeon (7/15)             Temple (1/1) D:6           Sewer (visited)

Altars:
Ashenzari
Cheibriados
Dithmenos
Fedhas
Gozag
Kikubaaqudgha
Makhleb
Nemelex Xobeh
Okawaru
Qazlal
Sif Muna
Trog
Uskayaw
Vehumet
Xom
Zin

Shops:
D:2 [(

Annotations:
D:4 3 runed translucent doors, Tycho's ghost, amateur GrEE
D:5 3 runed translucent doors, Prince Ribbit; fly's ghost, weakling FoDe
D:7 Joseph


Innate Abilities, Weirdness & Mutations

You are a venomous arachnid creature.
You have poisonous fangs.
You are tiny and dextrous.
Your spellcasting is less reliable in this form.
Your armour is entirely melded.
You are incapable of wielding weapons or throwing items.
((You can breathe blasts of noxious fumes.))
((Your lurid green scales are hard. (AC +6)))
You cannot fit into any form of body armour.
((Your system is resistant to poisons. (rPois)))
((You are cold-blooded and may be slowed by cold attacks.))


Message History

There is a stone staircase leading down here.
You climb downwards.
There is a stone staircase leading up here.
Joseph, a Mercenary comes into view.
He is wielding a +2 spectral quarterstaff.
Joseph shouts!
Joseph unwields a +2 spectral quarterstaff.
Joseph wields a +0 hunting sling.
Joseph shoots a sling bullet.
The sling bullet hits you!
Press: ? - help, v - describe, . - travel
Here: Joseph, wielding a +0 hunting sling, wearing a +0 ring mail and quivering sling bullets The floor.
Casting: Beastly Appendage (safe; 4% risk of failure)
Confirm with . or Enter, or press ? or * to list all spells.
You turn into a venomous arachnid creature.
Your +0 pair of gloves melds into your body.
You hit Joseph but do no damage.
Joseph unwields a +0 hunting sling.
Joseph wields a +2 spectral quarterstaff.
Joseph hits you with a +2 spectral quarterstaff!
You hit Joseph.
Joseph is lightly wounded.
Joseph hits you with a +2 spectral quarterstaff!
You hit Joseph but do no damage.
Joseph is poisoned.
Joseph is lightly wounded.
You hit Joseph.
Joseph is lightly wounded.
Joseph barely misses you.
You bite Joseph!
Joseph is moderately wounded.
Joseph hits you with a +2 spectral quarterstaff!
You barely miss Joseph.
Joseph is moderately wounded.
Joseph barely misses you.
Joseph unwields a +2 spectral quarterstaff.
Joseph wields a +0 hunting sling.
Joseph shoots a sling bullet.
The sling bullet hits you!
* * * LOW HITPOINT WARNING * * *
Found 31 stones.
Your transformation is almost over.
Joseph shoots a sling bullet.
The sling bullet hits you!!
You die...

### #<# #.#
.#.###############
..................
.........######..#
.#####.#.........#
+#### .
#.#.######..#......
.
#.#......#.s.......
#.#...#.##.#.......
..#......#.#.......
####...####@##......
.# .............#
...... .#
#####...######
...... .# #....
..... .# #.... (##..
.# #....#


You could see Joseph (poisoned).

Vanquished Creatures
  A water moccasin (D:6)
  An orc warrior (D:6)
  A black bear (D:6)
  2 sky beasts
  An ogre (D:6)
  2 centaurs
  A phantom (D:5)
  A kobold brigand (Sewer)
  A wight (D:6)
  2 hounds
  An orc priest (D:6)
  A jelly (D:4)
  2 iguanas
  2 orc wizards (D:3)
  A howler monkey skeleton (D:6)
  11 adders
  5 river rats
  3 shadow imps (D:6)
  A white imp (D:5)
  An ufetubus (D:4)
  An adder skeleton (D:4)
  2 worms (D:3)
  3 dart slugs
  14 orcs
  11 endoplasms
  3 giant cockroaches
  5 goblins
  6 hobgoblins
  8 jackals
  4 quokkas
  5 ball pythons
  7 bats
  2 frilled lizards (D:1)
  8 kobolds
  13 rats
133 creatures vanquished.

Notes
Turn   | Place    | Note
-------+----------+-------------------------------------------
     0 | D:1      | HessuHobo the Draconian Transmuter began the quest for the
                  | Orb.
     0 | D:1      | Reached XP level 1. HP: 16/16 MP: 3/3
   395 | D:1      | Reached XP level 2. HP: 23/23 MP: 3/5
   482 | D:1      | Found a faded altar of an unknown god.
  1509 | D:1      | Reached skill level 1 in Poison Magic
  1573 | D:1      | Reached XP level 3. HP: 29/29 MP: 6/6
  1828 | D:2      | Found Xyotashruu's Antique Armour Shop.
  2220 | D:2      | Found a glowing silver altar of Zin.
  2643 | D:2      | Found Jingoe's Antique Weapon Boutique.
  2656 | D:2      | Reached XP level 4. HP: 26/36 MP: 5/7
  3322 | D:3      | Found an ancient bone altar of Kikubaaqudgha.
  3378 | D:3      | Found a bloodstained altar of Trog.
  3618 | D:3      | Reached XP level 5. HP: 27/42 MP: 6/8
  4020 | D:3      | Found a glowing drain.
  4025 | Sewer    | Entered a sewer
  4058 | Sewer    | Learned a level 3 spell: Spider Form
  4118 | Sewer    | Reached XP level 6. HP: 48/51 MP: 5/9
  4164 | Sewer    | Found a glowing silver altar of Zin.
  4881 | D:4      | Found a runed translucent gate.
  4882 | D:4      | Found a runed translucent gate.
  4883 | D:4      | Found a runed translucent gate.
  5217 | D:4      | Noticed Tycho's ghost (amateur GrEE)
  5433 | D:4      | Noticed a sky beast
  5460 | D:4      | Killed a sky beast
  5461 | D:4      | Your scales start taking on a lurid green colour.
  5461 | D:4      | Reached XP level 7. HP: 12/59 MP: 3/10
  5461 | D:4      | Gained mutation: Your system is resistant to poisons.
                  | (rPois) [Green Draconian growth]
  6292 | D:5      | Entered Level 5 of the Dungeon
  6435 | D:5      | Reached skill level 5 in Unarmed Combat
  6574 | D:5      | Found a runed translucent gate.
  6591 | D:5      | Noticed fly's ghost (weakling FoDe)
  6593 | D:5      | Found a runed translucent gate.
  6594 | D:5      | Found a runed translucent gate.
  6804 | D:5      | Noticed Prince Ribbit
  7560 | D:6      | Reached skill level 5 in Fighting
  7879 | D:6      | Reached XP level 8. HP: 68/68 MP: 11/11
  8124 | D:6      | Found a sparkling altar of Nemelex Xobeh.
  8158 | D:6      | Reached skill level 5 in Dodging
  8248 | D:6      | Found a staircase to the Ecumenical Temple.
  8276 | Temple   | Entered the Ecumenical Temple
  9056 | D:7      | Noticed Joseph
  9075 | D:7      | Shot with a sling bullet by Joseph

Illustrated notes

Levels and vault maps discovered:
D:1:      minmay_arrival_glassed_features, layout_loops_corners,
          shapermc_ecumenical_altar_mp_ritualfount
D:2:      layout_basic, basic_altar, serial_shops, shop, shop
D:3:      layout_basic, kiku_gazebo_pond_becter, lemuel_tele_altar,
          lightli_sewer_entry_pipes
D:4:      layout_basic, gammafunk_ghost_split
D:5:      layout_basic, marbit_many_paths, gammafunk_ghost_split,
          chequers_mini_garden, hangedman_abyss_or_decor_lesser_grid,
          uniq_prince_ribbit1
D:6:      layout_rooms, nemelex_diamond_rough_becter, minmay_temple_entry_waves
D:7:      layout_basic, mainiacjoe_overflow_alcove_2, roderic_lattice_a,
          uniq_maggie, uniq_joseph
Temple:   dshaligram_water_room_temple

Skill      XL: |  1  2  3  4  5  6  7  8 |
---------------+-------------------------+-----
Dodging        | 2 3 4 5 |  5.3
Poison Magic   | 1 |  1.2
Fighting       | 2 3 4 5 6 |  6.2
Transmutations | 3 4 |  4.0
Unarmed Combat | 4 5 6 |  6.3
Spellcasting   | |  2.0

Action                   |  1- 3 |  4- 6 |  7- 9 || total
-------------------------+-------+-------+-------++-------
Melee: Unarmed           |   142 |   251 |   138 ||   531
       Kick              |    14 |    26 |    18 ||    58
       Tailslap          |    11 |    15 |     9 ||    35
       Headbutt          |     4 |    11 |    14 ||    29
       Punch             |       |     7 |     1 ||     8
 Cast: Beastly Appendage |    14 |    12 |    12 ||    38
       Spider Form       |       |     5 |     4 ||     9
  Use: Scroll            |       |     2 |       ||     2
 Stab: Sleeping          |     3 |       |       ||     3
Armor: Skin              |    50 |    59 |    33 ||   142
Dodge: Dodged            |   122 |   178 |   114 ||   414

Table legend: (Time is in decaauts)
 A = Elapsed time spent in this place.
 B = Non-inter-level travel time spent in this place.
 C = Inter-level travel time spent in this place.
 D = Time resting spent in this place.
 E = Time spent auto-exploring this place.
 F = Levels seen in this place.
 G = Mean time per level.
                   A        B        C        D        E       F      G
               +--------+--------+--------+--------+--------+-----+--------+
         Total |   9098 |   8956 |    142 |   3972 |   3682 |   9 | 1010.9 |
       Dungeon |   8730 |   8588 |    142 |   3879 |   3510 |   7 | 1247.1 |
        Temple |    163 |    163 |      0 |     72 |     60 |   1 |  163.0 |
         Sewer |    204 |    204 |      0 |     21 |    112 |   1 |  204.0 |
               +--------+--------+--------+--------+--------+-----+--------+

Top non-repeatable levels by time:
     D:1: 1951 daAuts
     D:2: 1577 daAuts
     D:4: 1520 daAuts
     D:6: 1390 daAuts
     D:3: 1186 daAuts
     D:5: 1067 daAuts
   Sewer: 204 daAuts
  Temple: 163 daAuts
     D:7: 36 daAuts
